 Dungeon Crawl Stone Soup version 0.26.0-7-g794d0892b4 (webtiles) character file.

Game seed: 12353164802422180154

122 jackrogers the Cudgeller (level 5, 0/51 (54) HPs)
             Began as an Ogre Berserker on Jan 12, 2021.
             Was a Believer of Trog.
             Killed from afar by an orc wizard (8 damage)
             ... with a puff of flame
             ... on level 4 of the Dungeon.
             The game lasted 00:02:46 (2984 turns).

jackrogers the Cudgeller (Ogre Berserker)           Turns: 2984, Time: 00:02:47

HP:   0/51 (54)     AC:  3    Str: 28    XL:     5   Next: 6%
MP:   5/5           EV: 10    Int:  8    God:    Trog [**....]
Gold: 170           SH:  0    Dex:  8    Spells: 4/4 levels left

rFire    . . .     SeeInvis .   h - +0 spear (venom)
rCold    . . .     Faith    .   (no shield)
rNeg     . . .     Spirit   .   b - +0 animal skin
rPois    .         Reflect  .   (helmet restricted)
rElec    .         Harm     .   (no cloak)
rCorr    .         Rampage  .   (gloves unavailable)
Will     .....                  (boots unavailable)
Stlth    +.........             (no amulet)
HPRegen  0.17/turn              j - +6 ring of strength
MPRegen  0.09/turn              (no ring)

@: drained
A: large, unfitting armour, tough skin 1
a: Renounce Religion, Berserk, Trog's Hand


You were on level 4 of the Dungeon.
You worshipped Trog.
Trog was pleased with you.
You visited 1 branch of the dungeon, and saw 4 of its levels.

You collected 170 gold pieces.

Inventory:

Hand Weapons
 a - a +1 mace
 c - a +0 flail of draining
   (You took it off an orc on level 3 of the Dungeon)
 h - a +0 spear of venom (weapon)
   (You found it on level 3 of the Dungeon)
 k - a +0 mace of holy wrath
   (You took it off an orc on level 3 of the Dungeon)
Armour
 b - a +0 animal skin (worn)
Jewellery
 j - a +6 ring of strength (left hand)
   (You found it on level 2 of the Dungeon)
Scrolls
 g - a scroll of magic mapping {!r}
 i - a scroll of teleportation
Potions
 d - 2 potions of magic {unknown}
 e - a potion of cancellation {unknown}
 f - a potion of lignification {unknown}


   Skills:
 - Level 4.0 Fighting
 + Level 5.1 Maces & Flails
 - Level 2.6 Dodging


You had 4 spell levels left.
You didn't know any spells.
Your spell library was empty.

Dungeon Overview and Level Annotations

Branches:
Dungeon (4/15)
 Temple: D:4-7

Altars:


Innate Abilities, Weirdness & Mutations

You are too large for most types of armour.
You have tough skin. (AC +1)


Message History

Done exploring.
No target in view!
(D) Dungeon
Where to? (Enter - D:3, ? - help)
Items here: ( )) [[.
There is a stone staircase leading down here.
You climb downwards.
A quokka comes into view.
There is a stone staircase leading up here.
Search for what [Enter for "glov", or ? for help]? mace A quokka is nearby!
A quokka is nearby!
You barely miss the quokka. The quokka closely misses you.
You hit the quokka.
You kill the quokka!
Trog accepts your kill.
No target in view!
No target in view!
There is a stone staircase leading up here.
An orc comes into view.
An orc is nearby!
An orc is nearby!
An orc is nearby!
You reach to attack!
You closely miss the orc. You puncture the orc!
You kill the orc!
Trog accepts your kill.
No target in view!
No target in view!
An orc and a skeleton come into view.
The orc shouts!
You hear a shout!
An orc wizard comes into view. It is wielding a +0 dagger.
You see here an orc corpse.
Spoiler Alert: The orc wizard might cast Slow, Confuse, Throw Flame, Throw Frost, or go Invisible!
There are monsters nearby!
Spoiler Alert: The orc wizard might cast Slow, Confuse, Throw Flame, Throw Frost, or go Invisible!
There are monsters nearby!
Spoiler Alert: The orc wizard might cast Slow, Confuse, Throw Flame, Throw Frost, or go Invisible!
There are monsters nearby!
Spoiler Alert: The orc wizard might cast Slow, Confuse, Throw Flame, Throw Frost, or go Invisible!
Found a stone staircase leading up.
Spoiler Alert: The orc wizard might cast Slow, Confuse, Throw Flame, Throw Frost, or go Invisible!
The orc wizard mumbles some strange words.
The orc wizard seems to speed up.
Spoiler Alert: The orc wizard (fast) might cast Slow, Confuse, Throw Flame, Throw Frost, or go Invisible!
The orc wizard gestures at itself while chanting.
The orc wizard flickers and vanishes!
Deactivating autopickup; reactivate with Ctrl-A.
You see here an orc corpse.
You reach to attack!
You closely miss the orc. You hit the orc but do no damage. The orc misses you.
You hit the orc.
The orc is poisoned.
The orc completely misses you.
You hit the orc but do no damage.
The orc looks as sick as possible!
The orc hits you with a +0 hand axe.
You hit the orc.
The orc looks as sick as possible!
The orc hits you with a +0 hand axe.
You hit the orc.
You kill the orc!
Trog accepts your kill.
A magic dart appears from out of thin air!
The magic dart hits you!
You hit the leopard gecko skeleton.
The leopard gecko skeleton closely misses you.
The leopard gecko skeleton misses you.
You barely miss the leopard gecko skeleton.
The leopard gecko skeleton bites you.
You hit the leopard gecko skeleton.
You destroy the leopard gecko skeleton!
Trog accepts your kill.
No target in view!
No target in view!
No target in view!
You barely miss something. Something hits you.
No target in view!
No target in view!
Unknown command.
You start resting.
Something hits you but does no damage. Something hits you.
You miss something. Something hits you.
You hear some strange, mumbled words.
A puff of frost appears from out of thin air!
The puff of frost hits you!
You closely miss something. Something hits you.
You barely miss something. Something hits you but does no damage.
Something hits you.
You miss something.
You hear some strange, mumbled words.
A magic dart appears from out of thin air!
The magic dart hits you.
* * * LOW HITPOINT WARNING * * *
Something hits you.
* * * LOW HITPOINT WARNING * * *
You barely miss something. Something hits you.
* * * LOW HITPOINT WARNING * * *
You barely miss something. Something hits you.
* * * LOW HITPOINT WARNING * * *
You completely miss something.
You hear some strange, mumbled words.
A puff of flame appears from out of thin air!
The puff of flame hits you!
You die...

...............
..............
.<..........#
....$.......#
...........#
#......Z...#
##........##
###...##{#
#####@## ##.#
#..####
##.....####
#.........###
#...........##
##............##
#......<.......#
#.#............#


There were no monsters in sight!

Vanquished Creatures
  An orc wizard (D:3)
  3 adders
  An ooze (D:3)
  A worm (D:3)
  A dart slug (D:3)
  A leopard gecko (D:1)
  8 orcs
  3 giant cockroaches
  3 goblins
  3 hobgoblins
  5 kobolds
  A quokka (D:4)
  7 bats
  5 frilled lizards
  A leopard gecko skeleton (D:4)
  5 rats
49 creatures vanquished.

Notes
Turn   | Place    | Note
-------+----------+-------------------------------------------
     0 | D:1      | jackrogers the Ogre Berserker began the quest for the Orb.
     0 | D:1      | Reached XP level 1. HP: 24/24 MP: 1/1
   237 | D:1      | Reached skill level 3 in Maces & Flails
   335 | D:1      | Reached XP level 2. HP: 32/32 MP: 2/2
   950 | D:2      | HP: 7/32 [adder (4)]
   952 | D:2      | Reached XP level 3. HP: 9/39 MP: 3/3
  1879 | D:3      | Reached skill level 4 in Maces & Flails
  2023 | D:3      | Reached ** piety under Trog
  2076 | D:3      | Reached XP level 4. HP: 45/48 MP: 4/4
  2247 | D:3      | HP: 10/43 [orc wizard/+0 dagger (3)]
  2257 | D:3      | HP: 10/43 [orc/+0 flail of draining (2)]
  2259 | D:3      | HP: 4/42 [orc/+0 mace of holy wrath (5)]
  2264 | D:3      | HP: 8/43 [hobgoblin (2)]
  2559 | D:3      | Reached skill level 5 in Maces & Flails
  2726 | D:3      | Reached XP level 5. HP: 51/51 MP: 5/5
  2981 | D:4      | HP: 11/51 [something (2)]
  2984 | D:4      | Killed from afar by an orc wizard

Illustrated notes

Levels and vault maps discovered:
D:1:      nicolae_arrival_washed_ashore, layout_loops_ring, serial_bayou_pond_e
D:2:      layout_loops_ring, fountainhead
D:3:      layout_loops_ring
D:4:      layout_cave_pods, nemelex_xobeh_ov_fountains_minmay,
          minmay_temple_entry_statues_pillars, trog_three_pillars_becter

Skill      XL: |  1  2  3  4 |
---------------+-------------+-----
Maces & Flails | 3 4 5 |  5.1
Fighting       | |  4.0
Dodging        | |  2.6

Action                   |  1- 3 |  4- 6 || total
-------------------------+-------+-------++-------
Melee: Mace              |    94 |       ||    94
       Spear             |     9 |    84 ||    93
  Use: Scroll            |     6 |       ||     6
       Potion            |       |     3 ||     3
 Stab: Sleeping          |     1 |     1 ||     2
Armor: Animal skin       |    35 |    16 ||    51
Dodge: Dodged            |    59 |    30 ||    89

Table legend: (Time is in decaauts)
 A = Elapsed time spent in this place.
 B = Non-inter-level travel time spent in this place.
 C = Inter-level travel time spent in this place.
 D = Time resting spent in this place.
 E = Time spent auto-exploring this place.
 F = Levels seen in this place.
 G = Mean time per level.
                   A        B        C        D        E       F      G
               +--------+--------+--------+--------+--------+-----+--------+
         Total |   3014 |   2953 |     61 |    606 |   1960 |   4 |  753.5 |
       Dungeon |   3014 |   2953 |     61 |    606 |   1960 |   4 |  753.5 |
               +--------+--------+--------+--------+--------+-----+--------+

Top non-repeatable levels by time:
     D:3: 1123 daAuts
     D:2: 955 daAuts
     D:1: 895 daAuts
     D:4: 40 daAuts

Table legend:
 A = Kills in this place as a percentage of kills in entire the game.
 B = Kills by you in this place as a percentage of kills by you in the entire game.
 C = Kills by friends in this place as a percentage of kills by friends in the entire game.
 D = Other kills in this place as a percentage of other kills in the entire game.
 E = Experience gained in this place as a percentage of experience gained in the entire game.
 F = Experience gained in this place divided by the number of levels of this place that you have seen.
                   A       B       C       D       E      F
               +-------+-------+-------+-------+-------+----------------------
         Total | 100.0 | 100.0 |   N/A |   N/A | 100.0 |  43.8
       Dungeon | 100.0 | 100.0 |   N/A |   N/A | 100.0 |  43.8
               +-------+-------+-------+-------+-------+----------------------
